 Dungeon Crawl Stone Soup version 0.27-a0-789-g6bb3289e1e (webtiles) character file.

Game seed: 3764011530970057334

274 midi the Conjurer (level 6, -4/36 HPs)
             Began as an Octopode Conjurer on Mar 26, 2021.
             Slain by a scorpion (10 damage)
             ... on level 4 of the Dungeon.
             The game lasted 00:14:28 (4140 turns).

midi the Conjurer (Octopode Conjurer)               Turns: 4140, Time: 00:14:29

Health: -4/36      AC:  1    Str:  7    XL:     6   Next: 24%
Magic:  2/12       EV: 14    Int: 22    God:
Gold:   91         SH:  0    Dex: 16    Spells: 7/13 levels left

rFire    . . .     SeeInvis .   k - +0 hand axe (drain)
rCold    . . .     Faith    +   (no shield)
rNeg     . . .     Spirit   .   (helmet restricted)
rPois    .         Reflect  .   j - amulet of faith
rElec    .         Harm     .   g - +6 ring of dexterity
rCorr    .         Rampage  .   (no ring)
Will     .....                  (no ring)
Stlth    ++++......             (no ring)
HPRegen  0.12/turn              (no ring)
MPRegen  0.13/turn              (no ring)
                                (no ring)
                                (no ring)

@: lethally poisoned (-4 -> -14), very slightly contaminated
A: almost no armour, amphibious, 8 rings, camouflage 1, gelatinous body 1,
nimble swimmer 1, tentacles
a: no special abilities


You were on level 4 of the Dungeon.
You visited 1 branch of the dungeon, and saw 4 of its levels.

You collected 91 gold pieces.

Inventory:

Hand Weapons
 k - a +0 hand axe of draining (weapon)
Jewellery
 g - a +6 ring of dexterity (left tentacle)
 j - an amulet of faith (around mantle)
Wands
 f - a wand of iceblast (9)
Scrolls
 c - a scroll of vulnerability {unknown}
 d - a scroll of teleportation {unknown}
 e - 3 scrolls of identify {unknown}
 h - a scroll of amnesia {unknown}
Potions
 b - 4 potions of curing {unknown}
 i - a potion of heal wounds {unknown}


   Skills:
 + Level 0.1 Fighting
 * Level 2.7 Dodging
 + Level 3.6 Stealth
 * Level 4.0 Spellcasting
 + Level 5.5 Conjurations


You had 7 spell levels left.
You knew the following spells:

 Your Spells              Type           Power      Damage    Failure   Level
a - Magic Dart            Conj           100%       1d8       1%          1
b - Searing Ray           Conj           56%        3d5       1%          2
c - Gell's Gravitas       Tloc           2%         N/A       32%         3

Your spell library contained the following spells:

 Spells                   Type           Power      Damage    Failure   Level
 Dazzling Flash           Conj/Hex       32%        N/A       11%         3
 Confusing Touch          Hex            4%         N/A       32%         3
 Fulminant Prism          Conj/Hex       8%         3d7       34%         4
 Iskenderun's Mystic Bla  Conj/Tloc      16%        2d5       34%         4
 Petrify                  Tmut/Erth      4%         N/A       73%         4
 Metabolic Englaciation   Hex/Ice        2%         N/A       97%         5
 Yara's Violent Unravell  Hex/Tmut       2%         3d3       97%         5


Dungeon Overview and Level Annotations

Branches:
Dungeon (4/15)
 Temple: D:4-7

Altars:
Qazlal
Ru


Innate Abilities, Weirdness & Mutations

You cannot wear most types of armour.
You are amphibious.
You can wear up to eight rings at the same time.
Your skin changes colour to match your surroundings (Stealth+).
Your rubbery body absorbs attacks. (AC +1, EV +1)
You are stealthy while swimming. (Stealth+)
You have tentacles for arms and can constrict up to eight enemies at once.


Message History

Press: ? - help, Shift-Dir - straight line, f/p - scorpion
Aim: a scorpion (heavily wounded, 0% to evade)
The magic dart hits the scorpion.
The scorpion is severely wounded.
The scorpion completely misses you.
Casting: Magic Dart (safe; 1% risk of failure)
Confirm with . or Enter, or press ? or * to list all spells.
Aiming: Magic Dart (safe; 1% risk of failure)
Press: ? - help, Shift-Dir - straight line, f/p - scorpion
Aim: a scorpion (severely wounded, 0% to evade)
The magic dart hits the scorpion.
The scorpion is severely wounded.
The scorpion stings you.
You are poisoned.
The scorpion poisons you!
Unknown command.
Casting: Magic Dart (safe; 1% risk of failure)
Confirm with . or Enter, or press ? or * to list all spells.
Aiming: Magic Dart (safe; 1% risk of failure)
Press: ? - help, Shift-Dir - straight line, f/p - scorpion
Aim: a scorpion (severely wounded, 0% to evade)
The magic dart hits the scorpion but does no damage.
The scorpion is severely wounded.
You feel very sick. The scorpion stings you.
You are more poisoned.
The scorpion poisons you!
Unknown command.
Casting: Magic Dart (safe; 1% risk of failure)
Confirm with . or Enter, or press ? or * to list all spells.
Aiming: Magic Dart (safe; 1% risk of failure)
Press: ? - help, Shift-Dir - straight line, f/p - scorpion
Aim: a scorpion (severely wounded, 0% to evade)
You miscast Magic Dart.
You are very lightly contaminated with residual magic.
Nothing appears to happen.
* * * LOW HITPOINT WARNING * * *
You feel extremely sick. The scorpion stings you!
You die...

.......###### ......
............# ..g...
###########(# ...>.g #.#
...g.. ####'#### ......
###......)# ......
#.'.......# ......
#.#....(..########...
......
####.#.......'@s).......
......
#....#.......#####$.....
.##### #.####........#
....# #.# ##+#.....#
...# #.# #.#..#..# ...
#.# #.#..#... ## #.#
#.#...... #.# #.##.#.###
#.# #.#


You could see a scorpion.

Vanquished Creatures
  An ogre (D:4)
  A scorpion (D:3)
  Ijyb (D:3)
  6 adders
  2 worms
  4 orcs
  6 ball pythons
  4 bats
  3 endoplasms (D:2)
  2 giant cockroaches
  5 goblins
  3 hobgoblins
  5 frilled lizards (D:1)
  4 kobolds
  6 rats
53 creatures vanquished.

Vanquished Creatures (others)
  A plant (D:4)
1 creature vanquished.

Grand Total: 54 creatures vanquished

Notes
Turn   | Place    | Note
-------+----------+-------------------------------------------
     0 | D:1      | midi the Octopode Conjurer began the quest for the Orb.
     0 | D:1      | Reached XP level 1. HP: 11/11 MP: 3/3
   316 | D:1      | Reached XP level 2. HP: 17/17 MP: 3/5
  1058 | D:2      | Reached XP level 3. HP: 21/21 MP: 3/6
  1266 | D:2      | Reached skill level 5 in Conjurations
  1485 | D:2      | Learned a level 2 spell: Searing Ray
  1489 | D:2      | Learned a level 3 spell: Gell's Gravitas
  1556 | D:2      | Reached XP level 4. HP: 27/27 MP: 3/7
  1998 | D:3      | Noticed Ijyb
  2288 | D:3      | Killed Ijyb
  2495 | D:3      | Found a stormy altar of Qazlal.
  2732 | D:3      | Reached XP level 5. HP: 31/31 MP: 7/9
  2938 | D:3      | Found a sacrificial altar of Ru.
  3892 | D:4      | Noticed a phantom
  4080 | D:4      | Noticed an ogre
  4086 | D:4      | Killed an ogre
  4087 | D:4      | Reached XP level 6. HP: 36/36 MP: 3/12
  4140 | D:4      | Slain by a scorpion

Illustrated notes

Levels and vault maps discovered:
D:1:      minmay_arrival_up_and_down, layout_basic
D:2:      layout_basic
D:3:      minmay_wonky_spiral, layout_rooms, nicolae_overflow_hidden_temple,
          minmay_misc_feat_roman, hangedman_ru_absence, uniq_ijyb
D:4:      layout_basic, serial_shops, nicolae_shop_overgrown_old_shop, shop,
          shop, shop, shop_statue, uniq_duvessa

Skill      XL: |  1  2  3  4  5 |
---------------+----------------+-----
Stealth        | 3 |  3.6
Conjurations   | 5 |  5.5
Spellcasting   | 4 |  4.0
Fighting       | |  0.1
Dodging        | |  2.7

Action                   |  1- 3 |  4- 6 || total
-------------------------+-------+-------++-------
Melee: Short sword       |     1 |     2 ||     3
       Constrict         |       |     1 ||     1
       Tentacles         |       |     1 ||     1
 Cast: Magic Dart        |    53 |    55 ||   108
       Searing Ray       |       |     8 ||     8
 Stab: Sleeping          |     1 |       ||     1
Dodge: Dodged            |     2 |     2 ||     4

Table legend: (Time is in decaauts)
 A = Elapsed time spent in this place.
 B = Non-inter-level travel time spent in this place.
 C = Inter-level travel time spent in this place.
 D = Time resting spent in this place.
 E = Time spent auto-exploring this place.
 F = Levels seen in this place.
 G = Mean time per level.
                   A        B        C        D        E       F      G
               +--------+--------+--------+--------+--------+-----+--------+
         Total |   4145 |   3491 |    654 |    225 |   2807 |   4 | 1036.2 |
       Dungeon |   4145 |   3491 |    654 |    225 |   2807 |   4 | 1036.2 |
               +--------+--------+--------+--------+--------+-----+--------+

Top non-repeatable levels by time:
     D:2: 1673 daAuts
     D:3: 1086 daAuts
     D:1: 959 daAuts
     D:4: 425 daAuts
